AoeStats
← miscussi

Arabian Desert

508774684Analyzed
1v1 RM · 9d ago on Sep 24, 2026· 42m 8s· 2 players
Game mode
Random Map
Map size
Tiny (2 player)
Population
200
Speed
Normal
Resources
Standard
Victory
Conquest
Starting age
Dark Age
Ending age
Imperial Age
RankedLock teamsTeams togetherTeam positionsShared explorationLock speedFull tech treeHidden civsTurbo modeCheats
Victory
Defeat
🇨🇱 Muisca · Chile
925
+16
🇦🇷 Maya · Argentina
924
-16
miscussi
1:28 Loom
12:03 Feudal Age
12:38 Double-Bit Axe
15:45 Horse Collar
22:31 Castle Age
21:55 Scale Mail Armor
30:36 Eagle Warrior
34:18 Fletching
36:56 Squires
37:45 Chain Mail Armor
39:30 Wheelbarrow
lerbismancillag
0:29 Loom
10:58 Feudal Age
11:35 Champi Runner
12:25 Horse Collar
13:22 Double-Bit Axe
15:09 Forging
16:47 Scale Mail Armor
17:36 Wheelbarrow
21:24 Castle Age
19:34 Gold Mining
20:34 Stone Mining
21:31 Champi Warrior
22:48 Iron Casting
23:32 Squires
25:24 Chain Mail Armor
27:29 Heavy Plow
27:44 Bow Saw
28:09 Fletching
29:07 Town Watch
29:38 Hand Cart
30:48 Bodkin Arrow
30:54 Padded Archer Armor
31:35 Gold Shaft Mining
33:43 Leather Archer Armor
34:05 Herbalism
37:49 Imperial Age
38:23 Town Patrol
37:55 Elite Champi Warrior
39:18 Crop Rotation
39:43 Plate Mail Armor
40:42 Chemistry
40:03 Ballistics
Connection lost

Rejoining the realm…

Still unreachable

The connection could not be restored.

Session expired

The server has moved on; the page needs a fresh start.